[Event "Titled Tuesday Blitz April 18 Late 2023"]
[White "Kramnik, Vladimir"]
[Black "Manukyan, Artyom"]
[WhiteFideId "4101588"]
[BlackFideId "13305786"]
[WhiteElo "2712"]
[BlackElo "2078"]
[Result "1-0"]
[Round "01"]
[TimeControl "180+2"]
[Date "2023.04.18"]
[WhiteClock "0:00:35"]
[BlackClock "0:00:02"]

1. Nf3 d5 2. g3 e6 3. Bg2 Nf6 4. O-O Be7 5. b3 O-O 6. Bb2 b6 7. c4 Bb7 8. cxd5 Nxd5 9. d4 Nd7 10. Re1 N5f6 11. Nc3 c5 12. e4 cxd4 13. Nxd4 Ne5 14. Re2 Bc5 15. Rd2 Qe7 16. Qe2 Rfd8 17. Rad1 h5 18. h3 Rac8 19. Nc2 Rxd2 20. Qxd2 a5 21. a3 h4 22. gxh4 Ng6 23. Qg5 Nh7 24. Qxe7 Bxe7 25. h5 Nf4 26. Rd7 Bf6 27. Rxb7 Bxc3 28. Bxc3 Rxc3 29. Rb8+ Nf8 30. Nd4 e5 31. Nf5 g6 32. Ne7+ Kg7 33. h6+ Kxh6 34. Rxf8 Kg7 35. Rg8+ Kh7 36. Rb8 Rxb3 37. a4 Rb4 38. Nd5 Rb1+ 39. Kh2 Nxg2 40. Kxg2 1-0


[Site "https://www.chess.com"]

[Event "Titled Tuesday Blitz April 18 Late 2023"]
[White "Kovalevsky, Stanislav"]
[Black "Svane, Frederik"]
[WhiteFideId "13508598"]
[BlackFideId "12923044"]
[WhiteElo "2174"]
[BlackElo "2502"]
[Result "0-1"]
[Round "01"]
[TimeControl "180+2"]
[Date "2023.04.18"]
[WhiteClock "0:00:51"]
[BlackClock "0:01:30"]

1. c4 e6 2. e4 c5 3. Nc3 Nc6 4. g3 b6 5. Bg2 Bb7 6. Nge2 h5 7. d4 cxd4 8. Nxd4 Bc5 9. Be3 Nge7 10. Nxc6 Nxc6 11. Bxc5 bxc5 12. Qd6 Nd4 13. O-O-O Qb6 14. Rxd4 cxd4 15. Nb5 Rc8 16. Qxb6 axb6 17. Nd6+ Ke7 18. Nxc8+ Rxc8 19. b3 b5 20. Kd2 bxc4 21. bxc4 Rxc4 22. Rb1 Bc6 23. Kd3 Ra4 24. Rb2 e5 25. Bf3 Ra3+ 26. Ke2 f5 27. Bxh5 fxe4 28. Bg6 e3 29. f4 e4 30. g4 Bd5 31. h4 Rc3 32. Kd1 d3 33. h5 e2+ 34. Rxe2 dxe2+ 35. Kxe2 0-1


[Site "https://www.chess.com"]

[Event "Titled Tuesday Blitz April 18 Late 2023"]
[White "Sargsyan, Shant"]
[Black "Gasparyan, David"]
[WhiteFideId "13306766"]
[BlackFideId "13311980"]
[WhiteElo "2628"]
[BlackElo "2456"]
[Result "1-0"]
[Round "01"]
[TimeControl "180+2"]
[Date "2023.04.18"]
[WhiteClock "0:02:47"]
[BlackClock "0:02:34"]

1. g3 c5 2. Nf3 Nc6 3. Bg2 g6 4. h4 h5 5. d3 d6 6. c4 Bg7 7. Nc3 Nf6 8. Qd2 Qd7 9. b3 b6 10. Bb2 Bb7 11. Nd5 O-O-O 12. Bh3 Ng4 13. Bxg7 1-0


[Site "https://www.chess.com"]

[Event "Titled Tuesday Blitz April 18 Late 2023"]
[White "Bochnicka, Vladimir"]
[Black "Sjugirov, Sanan"]
[WhiteFideId "14943450"]
[BlackFideId "4189302"]
[WhiteElo "2094"]
[BlackElo "2569"]
[Result "0-1"]
[Round "01"]
[TimeControl "180+2"]
[Date "2023.04.18"]
[WhiteClock "0:01:40"]
[BlackClock "0:01:24"]

1. e4 c5 2. Nf3 d6 3. d4 cxd4 4. Nxd4 Nf6 5. Nc3 a6 6. f3 e5 7. Nb3 Be6 8. Be3 h5 9. Qd2 Nbd7 10. O-O-O Be7 11. Nd5 Nxd5 12. exd5 Bf5 13. Bd3 Bxd3 14. Qxd3 Bg5 15. Kb1 Rc8 16. Nd2 Bxe3 17. Qxe3 Nf6 18. Ne4 Nxe4 19. fxe4 O-O 20. Rdf1 g6 21. h3 Qc7 22. Rf2 Qc5 23. Qf3 f5 24. Rhf1 fxe4 25. Qxf8+ Rxf8 26. Rxf8+ Kg7 27. h4 Qxd5 28. a3 e3 29. Re1 Kxf8 0-1


[Site "https://www.chess.com"]

[Event "Titled Tuesday Blitz April 18 Late 2023"]
[White "Durarbayli, Vasif"]
[Black "reevecanada"]
[WhiteFideId "13402935"]
[WhiteElo "2551"]
[BlackElo "2453"]
[Result "1-0"]
[Round "01"]
[TimeControl "180+2"]
[Date "2023.04.18"]
[WhiteClock "0:02:15"]
[BlackClock "0:01:32"]

1. e4 c6 2. d4 d5 3. exd5 cxd5 4. c4 Nf6 5. Nc3 e6 6. Nf3 Bd6 7. c5 Bc7 8. b4 b6 9. Bb5+ Bd7 10. O-O O-O 11. Bg5 a6 12. Bxd7 Nbxd7 13. c6 Nb8 14. b5 h6 15. Bxf6 Qxf6 16. a4 a5 17. Qd3 Ra7 18. Rae1 Bd6 19. Ne5 Rc7 20. f4 g6 21. Re3 Kh7 22. f5 gxf5 23. Nxd5 Qd8 24. Rxf5 exd5 25. Rxf7+ Kg8 26. Qh7# 1-0


[Site "https://www.chess.com"]

[Event "Titled Tuesday Blitz April 18 Late 2023"]
[White "ElDivis"]
[Black "Ibrahimli, Murad"]
[BlackFideId "13410229"]
[WhiteElo "2451"]
[BlackElo "2364"]
[Result "0-1"]
[Round "01"]
[TimeControl "180+2"]
[Date "2023.04.18"]
[WhiteClock "0:00:21"]
[BlackClock "0:02:25"]

1. e4 e5 2. Nf3 Nc6 3. Bc4 Bc5 4. O-O Nf6 5. d3 d6 6. c3 a6 7. h3 Ba7 8. Re1 h6 9. Bb3 g5 10. d4 g4 11. hxg4 Bxg4 12. Be3 Rg8 13. Kf1 Nh5 14. Nbd2 Qf6 15. dxe5 Nxe5 16. Bxa7 Rxa7 17. Re3 Nf4 18. Nc4 Nxg2 19. Ncxe5 Nxe3+ 20. fxe3 dxe5 21. Kf2 Ra8 22. Qe2 Rd8 23. Rd1 Rxd1 24. Bxd1 Bxf3 25. Qxf3 Qxf3+ 26. Bxf3 Ke7 0-1


[Site "https://www.chess.com"]

[Event "Titled Tuesday Blitz April 18 Late 2023"]
[White "Zhigalko_Sergei"]
[Black "QuiesPrecatio"]
[WhiteElo "2910"]
[BlackElo "2450"]
[Result "1-0"]
[Round "01"]
[TimeControl "180+2"]
[Date "2023.04.18"]
[WhiteClock "0:00:36"]
[BlackClock "0:00:20"]

1. e4 c6 2. d4 d5 3. e5 Bf5 4. Nf3 e6 5. Be2 Nd7 6. O-O h6 7. Nbd2 Ne7 8. a4 g5 9. a5 a6 10. Nb3 Bg7 11. Bd2 c5 12. Nxc5 Nxc5 13. dxc5 Nc6 14. Bc3 Be4 15. Re1 Qc7 16. Bd3 Bxf3 17. Qxf3 Nxe5 18. Qg3 d4 19. Bxd4 Nf3+ 20. Qxf3 Bxd4 21. Rad1 Bxb2 22. Rxe6+ Kf8 23. Rb6 Be5 24. Rxb7 Bxh2+ 25. Kh1 Qf4 26. Be4 Re8 27. Rdd7 f5 28. Rf7+ Kg8 29. Rg7+ Kf8 30. Rbf7# 1-0


[Site "https://www.chess.com"]

[Event "Titled Tuesday Blitz April 18 Late 2023"]
[White "Manukian, Artak"]
[Black "Paravyan, David"]
[WhiteFideId "13301373"]
[BlackFideId "4194985"]
[WhiteElo "2130"]
[BlackElo "2563"]
[Result "0-1"]
[Round "01"]
[TimeControl "180+2"]
[Date "2023.04.18"]
[WhiteClock "0:00:21"]
[BlackClock "0:00:23"]

1. e4 Nc6 2. Nf3 d5 3. exd5 Qxd5 4. Nc3 Qh5 5. d4 Bg4 6. Be2 O-O-O 7. h3 e5 8. d5 Nf6 9. O-O e4 10. Ng5 Bxe2 11. Qxe2 Qxe2 12. Nxe2 Rxd5 13. Nxf7 Rg8 14. Nc3 Rd7 15. Ng5 Nd4 16. Ngxe4 Nxe4 17. Nxe4 Nxc2 18. Rb1 Be7 19. Bf4 Rgd8 20. Nc3 Bf6 21. Rfd1 Rxd1+ 22. Rxd1 Bxc3 23. Rxd8+ Kxd8 24. bxc3 Na3 25. Be5 g6 26. g4 Kd7 27. f4 Nc4 28. Bd4 b6 29. Kf2 c5 30. Bg7 Ke6 31. Kf3 Nd6 32. Be5 Nc4 33. Bb8 a5 34. Ke4 Nd2+ 35. Kd3 Nf3 36. Ba7 b5 37. Bxc5 Kd5 38. Bb6 a4 39. a3 Ne1+ 40. Kd2 Ng2 41. Bc7 Ke4 42. c4 bxc4 43. Kc3 Ne3 44. Kb4 Nd5+ 45. Kxc4 Nxc7 46. Kb4 Kxf4 47. Kxa4 Kg3 0-1


[Site "https://www.chess.com"]

[Event "Titled Tuesday Blitz April 18 Late 2023"]
[White "Kamsky, Gata"]
[Black "Le Goff, Ronan"]
[WhiteFideId "2000024"]
[BlackFideId "612073"]
[WhiteElo "2660"]
[BlackElo "2275"]
[Result "1-0"]
[Round "01"]
[TimeControl "180+2"]
[Date "2023.04.18"]
[WhiteClock "0:00:41"]
[BlackClock "0:00:01"]

1. e4 e5 2. Nf3 Nc6 3. Bb5 a6 4. Ba4 Nf6 5. O-O b5 6. Bb3 Be7 7. c3 O-O 8. Re1 d5 9. d3 dxe4 10. dxe4 Qxd1 11. Bxd1 Bb7 12. a4 Bd6 13. Nbd2 Rfe8 14. b4 Nd8 15. Be2 c6 16. Bf1 Ne6 17. Nb3 Bc7 18. Ng5 Nf4 19. g3 Ng6 20. Nc5 Rab8 21. c4 Bc8 22. Bd2 h6 23. Nf3 Bg4 24. Kg2 Red8 25. Bc3 Bd6 26. Nxa6 Ra8 27. axb5 cxb5 28. c5 Bf8 29. Bxb5 h5 30. Nxe5 Nxe5 31. Bxe5 h4 32. h3 Be6 33. gxh4 Be7 34. Bc6 Rac8 35. Bb7 Nh5 36. Bxc8 Bxc8 37. b5 f6 38. Bc7 Rd2 39. Red1 1-0


[Site "https://www.chess.com"]

[Event "Titled Tuesday Blitz April 18 Late 2023"]
[White "Khandelwal, Ankush"]
[Black "Demchenko, Anton"]
[WhiteFideId "413470"]
[BlackFideId "4160258"]
[WhiteElo "2263"]
[BlackElo "2545"]
[Result "1/2-1/2"]
[Round "01"]
[TimeControl "180+2"]
[Date "2023.04.18"]
[WhiteClock "0:00:38"]
[BlackClock "0:00:25"]

1. e4 e5 2. Nf3 Nc6 3. Bb5 a6 4. Ba4 Nge7 5. Bb3 d5 6. exd5 Nxd5 7. O-O Bg4 8. h3 Bh5 9. Re1 Be7 10. g4 Bg6 11. Nxe5 Nxe5 12. Rxe5 Nf6 13. d4 O-O 14. Bg5 Bd6 15. Qf3 c5 16. Rd5 Qc7 17. Bxf6 gxf6 18. dxc5 Bxc5 19. Nc3 Rfe8 20. Rad1 Re7 21. h4 h6 22. h5 Bh7 23. R5d2 Qe5 24. Nd5 Re6 25. Nf4 Re7 26. Nd5 Re6 27. Nf4 Re7 28. Re2 Qg5 29. Rxe7 Bxe7 30. Rd5 f5 31. Rd7 Rf8 32. Rxb7 fxg4 33. Qe3 Bd6 34. Nd5 Qxe3 35. fxe3 Kg7 36. Rb6 Be5 37. Rxa6 Bxb2 38. Ra4 Be5 39. Rxg4+ Kh8 40. Kf1 Bd6 41. Nf6 Bf5 42. Rg1 Bc8 43. Bxf7 Be6 44. Bxe6 Rxf6+ 45. Ke2 Rxe6 46. Rg6 Rxg6 47. hxg6 Kg7 48. Kf3 Kxg6 49. a4 Bc5 50. Kg2 Kf5 51. Kh3 Bxe3 52. c4 Ba7 53. a5 Ke4 54. Kg2 Kf5 55. a6 Kg5 56. Kh1 h5 57. c5 Bxc5 58. a7 Bxa7 59. Kg2 Kg4 60. Kh1 Bb6 61. Kg2 Bc7 62. Kh1 Bd6 63. Kg2 Be7 64. Kh1 Bf6 65. Kg2 Bd8 66. Kh1 Bc7 67. Kg2 Bd6 68. Kh1 Be5 69. Kg2 Bf6 70. Kh1 Kh3 71. Kg1 Bh4 72. Kh1 Bg3 73. Kg1 Bf4 74. Kh1 Kg3 75. Kg1 Bg5 76. Kh1 Kf2 77. Kh2 Kf1 78. Kh1 Be3 79. Kh2 Bf2 80. Kh1 Bh4 81. Kh2 Bd8 82. Kh1 Kf2 83. Kh2 Kf3 84. Kh1 Kg3 85. Kg1 h4 86. Kh1 Be7 87. Kg1 Bf6 88. Kh1 Bg5 89. Kg1 Bh6 90. Kh1 Bf8 91. Kg1 Bb4 92. Kh1 Ba3 93. Kg1 Bb2 94. Kh1 Bf6 95. Kg1 Kh3 96. Kh1 Bd4 1/2-1/2


[Site "https://www.chess.com"]

[Event "Titled Tuesday Blitz April 18 Late 2023"]
[White "Grigoriants, Sergey"]
[Black "Storey, Charles H"]
[WhiteFideId "4130804"]
[BlackFideId "406686"]
[WhiteElo "2502"]
[BlackElo "2196"]
[Result "1-0"]
[Round "01"]
[TimeControl "180+2"]
[Date "2023.04.18"]
[WhiteClock "0:01:06"]
[BlackClock "0:01:00"]

1. d4 g6 2. e4 Bg7 3. Nf3 c5 4. d5 d6 5. Bb5+ Bd7 6. a4 Nf6 7. Nc3 O-O 8. O-O Bxb5 9. axb5 Nbd7 10. Re1 Ne8 11. Bf4 f6 12. Ne2 Nc7 13. c4 a6 14. bxa6 Nxa6 15. Bd2 Nb4 16. Bxb4 cxb4 17. Nfd4 Nc5 18. Nf4 Rxa1 19. Qxa1 Qa8 20. Nde6 Qxa1 21. Rxa1 Nxe6 22. Nxe6 Rb8 23. Ra4 b5 24. Rxb4 Ra8 25. g3 bxc4 26. Rxc4 f5 27. exf5 Bxb2 28. fxg6 hxg6 29. Rb4 Bf6 30. Rb5 Kf7 31. h4 Ra2 32. Kg2 Rd2 33. Kf3 Bd4 34. Rb8 Kf6 35. Ke4 g5 36. hxg5+ 1-0


[Site "https://www.chess.com"]

[Event "Titled Tuesday Blitz April 18 Late 2023"]
[White "Marczuk, Dominik"]
[Black "Fressinet, Laurent"]
[WhiteFideId "1111264"]
[BlackFideId "608742"]
[WhiteElo "2174"]
[BlackElo "2633"]
[Result "0-1"]
[Round "01"]
[TimeControl "180+2"]
[Date "2023.04.18"]
[WhiteClock "0:00:03"]
[BlackClock "0:00:05"]

1. e4 e6 2. d4 d5 3. Nd2 c5 4. exd5 Qxd5 5. Ngf3 cxd4 6. Bc4 Qd7 7. O-O Nf6 8. Nb3 Nc6 9. Nbxd4 a6 10. c3 Be7 11. Nxc6 Qxc6 12. Bb3 O-O 13. Bf4 b5 14. Ne5 Qb6 15. Qe2 Bb7 16. Rfd1 Rad8 17. Bc2 Ba8 18. Kh1 Qb7 19. f3 Qb6 20. Bg3 Bd5 21. a3 g6 22. h3 Nh5 23. Bh2 Bh4 24. Ng4 Bc4 25. Bd3 Rxd3 26. Rxd3 Bxd3 27. Qxd3 Rd8 28. Qe2 f5 29. Ne3 Bg3 30. Nf1 Bxh2 31. Kxh2 Qd6+ 32. Kg1 Nf4 33. Qe3 e5 34. Re1 Re8 35. Ng3 Qd5 36. Ne2 Nd3 37. Rd1 e4 38. Nf4 Qe5 39. Nxd3 exd3 40. Qxe5 Rxe5 41. Rxd3 Re2 42. Rd6 Rxb2 43. Rxa6 Rb3 44. Ra5 Rxc3 45. Rxb5 Rxa3 46. Rb7 Ra2 47. Kh2 f4 48. h4 h6 49. Kh3 h5 50. Kh2 Ra1 51. Rc7 Ra4 52. Rb7 Ra5 53. Rb4 Rf5 54. Rb7 Rf7 55. Rb6 Kg7 56. Rb4 Rf5 57. Kg1 Kh6 58. Kf2 Rf6 59. g3 fxg3+ 60. Kxg3 Re6 61. f4 Re3+ 62. Kg2 Re2+ 63. Kg3 Ra2 64. Rb7 Ra3+ 65. Kg2 Rd3 66. Ra7 Rd2+ 67. Kg3 Rd1 68. Rb7 Rg1+ 69. Kf3 Rg4 70. Rb8 Rxh4 71. Kg3 Rg4+ 72. Kf3 Rg1 73. Rb6 Rf1+ 74. Kg3 Kg7 75. Rc6 Kf7 76. Rb6 Kg7 77. Ra6 Rg1+ 78. Kf3 h4 79. Rb6 h3 80. Kf2 h2 81. Rb7+ Kf6 82. Rb8 h1=Q 0-1


[Site "https://www.chess.com"]

[Event "Titled Tuesday Blitz April 18 Late 2023"]
[White "Yoo, Christopher Woojin"]
[Black "Sliwicki, Damian"]
[WhiteFideId "30909694"]
[BlackFideId "1127128"]
[WhiteElo "2519"]
[BlackElo "2030"]
[Result "1-0"]
[Round "01"]
[TimeControl "180+2"]
[Date "2023.04.18"]
[WhiteClock "0:00:19"]
[BlackClock "0:00:08"]

1. c4 Nf6 2. d4 e6 3. Nf3 Bb4+ 4. Bd2 Qe7 5. g3 Bxd2+ 6. Qxd2 d6 7. Nc3 O-O 8. Bg2 e5 9. O-O c6 10. e4 Nbd7 11. Rad1 h6 12. Rfe1 a5 13. b3 Re8 14. Qb2 Nb6 15. Qa3 Bg4 16. h3 Bxf3 17. Bxf3 a4 18. Qb4 Qc7 19. c5 dxc5 20. dxc5 Nbd7 21. Nxa4 Nf8 22. Qb6 Qc8 23. Bg2 Ne6 24. Rd2 Nd4 25. Qb4 Rd8 26. Nb6 Qe6 27. Nxa8 Rxa8 28. Qxb7 Qe8 29. Qb4 Rb8 30. Qc4 Nd7 31. b4 Ra8 32. Red1 Nf8 33. f4 Nfe6 34. fxe5 Qb8 35. Rxd4 Nxd4 36. Qxd4 Rxa2 37. Qd8+ Qxd8 38. Rxd8+ Kh7 39. Rd6 Rb2 40. Rxc6 Rxb4 41. Rb6 Rc4 42. c6 f5 43. exf5 g5 44. Rb7+ Kg8 45. Bd5+ Kh8 46. Bxc4 g4 47. Rb8+ Kg7 48. c7 gxh3 49. c8=Q h2+ 50. Kh1 1-0


[Site "https://www.chess.com"]

[Event "Titled Tuesday Blitz April 18 Late 2023"]
[White "Golubev, Mikhail"]
[Black "Suleymanli, Aydin"]
[WhiteFideId "14100983"]
[BlackFideId "13413937"]
[WhiteElo "2374"]
[BlackElo "2559"]
[Result "0-1"]
[Round "01"]
[TimeControl "180+2"]
[Date "2023.04.18"]
[WhiteClock "0:00:03"]
[BlackClock "0:01:01"]

1. e4 e5 2. Nf3 Nc6 3. Bc4 Nf6 4. Ng5 d5 5. exd5 Na5 6. Bb5+ c6 7. dxc6 bxc6 8. Bd3 h6 9. Ne4 Nd5 10. O-O g6 11. Re1 Bg7 12. Bf1 O-O 13. d3 f5 14. Nec3 Re8 15. Nxd5 cxd5 16. d4 e4 17. Bf4 Nc6 18. c4 Be6 19. Nc3 Nxd4 20. cxd5 Bxd5 21. Nxd5 Qxd5 22. Be3 Kh7 23. Rc1 Rac8 24. Rxc8 Rxc8 25. b3 a5 26. Bc4 Qd6 27. a4 Rd8 28. Bxd4 Bxd4 29. Qe2 Bc5 30. g3 h5 31. Kg2 h4 32. g4 Qf4 33. gxf5 Rd2 34. fxg6+ Kg7 35. Qxd2 Qxd2 36. Re2 Qf4 37. h3 Qf3+ 0-1


[Site "https://www.chess.com"]

[Event "Titled Tuesday Blitz April 18 Late 2023"]
[White "Anton Guijarro, David"]
[Black "Prydun, Andriy"]
[WhiteFideId "2285525"]
[BlackFideId "14145898"]
[WhiteElo "2618"]
[BlackElo "2164"]
[Result "1-0"]
[Round "01"]
[TimeControl "180+2"]
[Date "2023.04.18"]
[WhiteClock "0:00:11"]
[BlackClock "0:00:05"]

1. d4 Nf6 2. Nf3 d5 3. e3 c6 4. c4 e6 5. Nbd2 Nbd7 6. b3 Bd6 7. Bb2 O-O 8. Bd3 b6 9. O-O Bb7 10. Qe2 Qe7 11. Ne5 c5 12. f4 dxc4 13. bxc4 cxd4 14. exd4 Bb4 15. Ndf3 Rfd8 16. Ng5 Rf8 17. Nxd7 Qxd7 18. d5 h6 19. Bxf6 gxf6 20. Ne4 Qd8 21. Qg4+ Kh8 22. Qh4 Kg7 23. Rf3 Rh8 24. Nxf6 Bc3 25. Nh5+ Kg8 26. Qg3+ Kf8 27. Rd1 Rg8 28. Qf2 exd5 29. Bh7 d4 30. Bxg8 Kxg8 31. Rxc3 dxc3 32. Rxd8+ Rxd8 33. Qg3+ Kf8 34. Qxc3 1-0


[Site "https://www.chess.com"]

[Event "Titled Tuesday Blitz April 18 Late 2023"]
[White "Kubatko, Ivan"]
[Black "Pichot, Alan"]
[WhiteFideId "24111473"]
[BlackFideId "110973"]
[WhiteElo "2285"]
[BlackElo "2573"]
[Result "0-1"]
[Round "01"]
[TimeControl "180+2"]
[Date "2023.04.18"]
[WhiteClock "0:00:02"]
[BlackClock "0:01:05"]

1. e4 e5 2. Nf3 Nc6 3. Nc3 Nf6 4. g3 d5 5. exd5 Nxd5 6. d3 Nxc3 7. bxc3 Bc5 8. Bg2 O-O 9. O-O Bb6 10. Re1 Re8 11. h3 h6 12. Be3 Bf5 13. Nd2 Qd7 14. Kh2 Rad8 15. Ne4 Bg6 16. Nc5 Bxc5 17. Bxc5 b6 18. Be3 Na5 19. Qg4 Qxg4 20. hxg4 c5 21. Rad1 c4 22. Be4 Bxe4 23. dxe4 f6 24. Kg2 Kf7 25. f3 Ke6 26. Kf2 Nb7 27. Ke2 Nd6 28. Rd5 Rd7 29. Red1 Red8 30. a4 Nb7 31. Rxd7 Rxd7 32. Rxd7 Kxd7 33. f4 Nd6 34. Kf3 Ke6 35. Bf2 b5 36. Bxa7 bxa4 37. Bc5 Nb5 38. Ke2 a3 0-1


[Site "https://www.chess.com"]

[Event "Titled Tuesday Blitz April 18 Late 2023"]
[White "Hansen, Eric"]
[Black "Federzoni, Enzo"]
[WhiteFideId "2606771"]
[BlackFideId "2173301"]
[WhiteElo "2561"]
[BlackElo "2039"]
[Result "1-0"]
[Round "01"]
[TimeControl "180+2"]
[Date "2023.04.18"]
[WhiteClock "0:00:44"]
[BlackClock "0:01:36"]

1. d4 Nf6 2. c4 g6 3. Nc3 d5 4. Nf3 Bg7 5. e3 O-O 6. b4 c6 7. h3 a5 8. Ba3 axb4 9. Bxb4 Be6 10. Ng5 Bf5 11. Be2 h6 12. Nf3 Ne4 13. Nxe4 Bxe4 14. O-O Na6 15. Bc3 c5 16. Qb3 Qd7 17. Ne5 Bxe5 18. dxe5 d4 19. Rad1 Qc6 20. exd4 cxd4 21. Bxd4 Bxg2 22. Rfe1 Bxh3 23. Qxh3 1-0


[Site "https://www.chess.com"]

[Event "Titled Tuesday Blitz April 18 Late 2023"]
[White "Estrada Nieto, Julian"]
[Black "Bartel, Mateusz"]
[WhiteFideId "5101018"]
[BlackFideId "1112635"]
[WhiteElo "2161"]
[BlackElo "2521"]
[Result "0-1"]
[Round "01"]
[TimeControl "180+2"]
[Date "2023.04.18"]
[WhiteClock "0:00:02"]
[BlackClock "0:00:17"]

1. e4 c6 2. d4 d5 3. Nc3 dxe4 4. Nxe4 Nf6 5. Nxf6+ exf6 6. c3 Bd6 7. Bd3 Na6 8. Ne2 Nc7 9. O-O O-O 10. Bf4 Nd5 11. Bxd6 Qxd6 12. Qd2 Bg4 13. f3 Bd7 14. c4 Nc7 15. Rad1 Rfe8 16. Kh1 g6 17. Ng3 f5 18. Qg5 Qe7 19. Qh6 Rad8 20. Bc2 Be6 21. Rfe1 Qf8 22. Qf4 Qd6 23. Qg5 Qe7 24. Qh6 Qf8 25. Qf4 Rd7 26. b3 h6 27. Qh4 Kg7 28. Ne2 Qe7 29. Qg3 Kh7 30. h4 Qd6 31. Nf4 Rg8 32. Kh2 Qf8 33. d5 cxd5 34. cxd5 Bxd5 35. Re5 Bc6 36. Rxd7 Bxd7 37. h5 Qd6 0-1


[Site "https://www.chess.com"]

[Event "Titled Tuesday Blitz April 18 Late 2023"]
[White "Rustemov, Alexander"]
[Black "mistrzemi"]
[WhiteFideId "4119002"]
[WhiteElo "2868"]
[BlackElo "2438"]
[Result "1-0"]
[Round "01"]
[TimeControl "180+2"]
[Date "2023.04.18"]
[WhiteClock "0:00:39"]
[BlackClock "0:00:08"]

1. d4 Nf6 2. c4 e6 3. Nf3 d5 4. Nc3 c6 5. e3 Nbd7 6. Qc2 Bd6 7. b3 O-O 8. Be2 Qe7 9. O-O b6 10. Bb2 Bb7 11. Rad1 Rfe8 12. Rfe1 Rad8 13. g3 c5 14. cxd5 exd5 15. Bf1 Rc8 16. dxc5 Nxc5 17. Qb1 Nce4 18. Nb5 Bb8 19. Bh3 Rc5 20. Ba3 a6 21. Bxc5 bxc5 22. Na3 Nc3 23. Qc2 Nxd1 24. Qxd1 d4 25. Nc4 h6 26. Bg2 Ba7 27. Nfe5 Bxg2 28. Kxg2 Qe6 29. Qf3 Nd5 30. exd4 cxd4 31. Nd3 Ne3+ 32. fxe3 dxe3 33. Nf4 Qd7 34. Nxe3 Qd2+ 35. Re2 Qc1 36. Nf5 Qg1+ 37. Kh3 Rxe2 38. Qxe2 g6 39. Qe8+ 1-0


[Site "https://www.chess.com"]

[Event "Titled Tuesday Blitz April 18 Late 2023"]
[White "D`Arruda, Ricardo D."]
[Black "Grigorjev, Iljya"]
[WhiteFideId "100692"]
[BlackFideId "24159565"]
[WhiteElo "2438"]
[BlackElo "2323"]
[Result "0-1"]
[Round "01"]
[TimeControl "180+2"]
[Date "2023.04.18"]
[WhiteClock "0:00:02"]
[BlackClock "0:00:15"]

1. d4 Nf6 2. Nf3 g6 3. Nc3 d5 4. Bg5 Bg7 5. Bxf6 Bxf6 6. e4 dxe4 7. Nxe4 Bg7 8. Bc4 O-O 9. O-O Nd7 10. Re1 Nf6 11. Qe2 Bf5 12. Ng3 Bg4 13. c3 Bxf3 14. Qxf3 c6 15. Ne4 Nxe4 16. Rxe4 e6 17. h4 h5 18. g4 Qxh4 19. gxh5 Qxh5 20. Qxh5 gxh5 21. Rh4 a5 22. Rxh5 a4 23. Kh1 Rfd8 24. Rg1 Kf8 25. Rg3 Bf6 26. Rf3 Ke7 27. Rh6 Bg7 28. Rh7 Rh8 29. Rxh8 Rxh8+ 30. Kg2 b5 31. Bd3 b4 32. Be4 Rc8 33. Rd3 bxc3 34. bxc3 c5 35. d5 c4 36. Re3 Kd6 37. dxe6 fxe6 38. Bc2 a3 39. Kf1 Rb8 40. Ba4 Rb2 41. Re2 Rb1+ 42. Kg2 Bxc3 43. Rc2 Rb4 44. Be8 Bb2 45. Bg6 c3 46. f3 Rh4 47. Be4 Kc5 48. Re2 Kd4 49. Bc2 Rh6 50. Re4+ Kc5 51. Bb3 Kd6 52. Re2 Bc1 53. Bc4 Bd2 54. Bb3 e5 55. Re4 Bf4 56. Re2 Rh2+ 57. Kf1 Rh1+ 58. Kg2 Rb1 59. Kf2 Rxb3 60. axb3 Bd2 0-1


[Site "https://www.chess.com"]

[Event "Titled Tuesday Blitz April 18 Late 2023"]
[White "Karacsonyi, Gellert"]
[Black "Shapiro, Viktor"]
[WhiteFideId "764620"]
[BlackFideId "4175700"]
[WhiteElo "2308"]
[BlackElo "2152"]
[Result "1-0"]
[Round "01"]
[TimeControl "180+2"]
[Date "2023.04.18"]
[WhiteClock "0:01:33"]
[BlackClock "0:00:35"]

1. e4 Nf6 2. e5 Nd5 3. c4 Nb6 4. d4 d6 5. exd6 cxd6 6. Nc3 g6 7. Be3 Bg7 8. Rc1 O-O 9. b3 f5 10. d5 e5 11. dxe6 Nc6 12. Nd5 Bxe6 13. Nh3 Bxd5 14. cxd5 Ne5 15. Be2 Qh4 16. O-O f4 17. Nxf4 Rxf4 18. g3 Qh3 19. Bxf4 Rf8 20. Bxe5 Bxe5 21. Bg4 Qh6 22. f4 Bf6 23. Be6+ Kh8 24. Rc7 g5 25. Qg4 Bd4+ 26. Kg2 Qg6 27. f5 Qh6 28. Qxd4+ 1-0


[Site "https://www.chess.com"]

[Event "Titled Tuesday Blitz April 18 Late 2023"]
[White "Vaglio Munoz, Jaime"]
[Black "Popovic, Dusan"]
[WhiteFideId "6500145"]
[BlackFideId "927031"]
[WhiteElo "2199"]
[BlackElo "2573"]
[Result "0-1"]
[Round "01"]
[TimeControl "180+2"]
[Date "2023.04.18"]
[WhiteClock "0:00:06"]
[BlackClock "0:00:43"]

1. Nf3 g6 2. c4 Bg7 3. d4 d6 4. b3 Nf6 5. Bb2 O-O 6. g3 c6 7. Bg2 Qa5+ 8. Qd2 Qh5 9. h3 Ne4 10. Qf4 Qa5+ 11. Nfd2 d5 12. O-O f5 13. f3 Nf6 14. Kh2 Nh5 15. Qe3 Nxg3 16. Rg1 Qc7 17. f4 Nh5 18. cxd5 Qxf4+ 19. Qxf4 Nxf4 20. dxc6 Nxc6 21. e3 Nd3 22. Ba3 Nxd4 23. exd4 Bxd4 24. Rd1 Bxa1 25. Bxe7 Re8 26. Bd5+ Kg7 27. Bb4 Nxb4 28. Bc4 Be6 29. Nf3 Bxc4 30. bxc4 Rad8 31. Rc1 Re2+ 32. Kg3 Rd3 33. Na3 Be5+ 34. Kh4 Re4+ 35. Kg5 h6# 0-1


[Site "https://www.chess.com"]

[Event "Titled Tuesday Blitz April 18 Late 2023"]
[White "Drygalov, Andrey"]
[Black "Kielinkei"]
[WhiteFideId "24171735"]
[WhiteElo "2466"]
[BlackElo "2435"]
[Result "1-0"]
[Round "01"]
[TimeControl "180+2"]
[Date "2023.04.18"]
[WhiteClock "0:01:24"]
[BlackClock "0:00:05"]

1. e4 c5 2. Nf3 e6 3. d4 cxd4 4. Nxd4 Nc6 5. Nc3 Qc7 6. Be2 a6 7. Nxc6 bxc6 8. Qd3 Nf6 9. Qg3 Qxg3 10. hxg3 d6 11. g4 Be7 12. g5 Nd7 13. Be3 Rb8 14. O-O-O Kd8 15. f4 Kc7 16. g3 f6 17. gxf6 Bxf6 18. Rd3 h6 19. Rhd1 Be7 20. Bg4 Nf6 21. Bf3 Nd7 22. Na4 a5 23. R3d2 Ba6 24. b3 h5 25. c4 Rbd8 26. Kc2 h4 27. g4 h3 28. Rh1 g5 29. f5 Ne5 30. Bb6+ Kd7 31. Bxd8 Nxf3 32. Bxe7 Nxd2 33. Bf6 Rf8 34. Kxd2 Rxf6 35. Rxh3 exf5 36. exf5 Rf7 37. Nc3 Ke7 38. Ne4 d5 39. Nxg5 Rg7 40. Rh7 Rxh7 41. Nxh7 dxc4 42. bxc4 Bxc4 43. a3 Ba2 44. Ke3 c5 45. Ng5 c4 46. Ne4 Bb1 47. Nc3 Bd3 48. Kf4 Kf7 49. g5 Kg7 50. Nd5 Kf7 51. g6+ Kg7 52. Kg5 Be4 53. f6+ Kf8 54. Ne7 Bxg6 55. Nxg6+ Ke8 56. Ne5 c3 57. Kg6 c2 58. Nd3 Kf8 59. a4 Kg8 60. Nc1 Kf8 61. f7 1-0


[Site "https://www.chess.com"]

[Event "Titled Tuesday Blitz April 18 Late 2023"]
[White "Tworuszka, Michal"]
[Black "Kravtsiv, Martyn"]
[WhiteFideId "1117858"]
[BlackFideId "14113147"]
[WhiteElo "2434"]
[BlackElo "2695"]
[Result "0-1"]
[Round "01"]
[TimeControl "180+2"]
[Date "2023.04.18"]
[WhiteClock "0:00:04"]
[BlackClock "0:00:23"]

1. e4 e5 2. Nf3 Nc6 3. Bb5 a6 4. Ba4 Nf6 5. O-O Be7 6. Re1 b5 7. Bb3 O-O 8. a4 b4 9. d3 d6 10. c3 Rb8 11. Nbd2 h6 12. h3 Na5 13. Ba2 c5 14. Nc4 Nc6 15. Ne3 bxc3 16. bxc3 Be6 17. Bc4 Na5 18. Bxe6 fxe6 19. Nd2 Nc6 20. Nec4 Qc7 21. Nf3 Nd7 22. Ra2 Rb1 23. Nfd2 Rb7 24. Qg4 Rf6 25. Nf3 Nf8 26. Qh5 Rg6 27. Rb2 Rxb2 28. Bxb2 Qb8 29. Bc1 Qb3 30. Bd2 Qxa4 31. Rb1 Qc2 32. Rb7 Qxd3 33. Na5 Nxa5 34. Rxe7 Qxe4 35. Re8 Qf5 36. Qxf5 exf5 37. Nh4 Rf6 38. g4 Nc4 39. Bc1 fxg4 40. hxg4 Kf7 41. Ra8 a5 42. Nf5 Ne6 43. Ra7+ Kg8 0-1


[Site "https://www.chess.com"]